 Dungeon Crawl Stone Soup version 0.21-a0-529-g8c7b3f5 (webtiles) character file.

172 slep the Chopper (level 5, -1/40 HPs)
             Began as a Demonspawn Gladiator on Dec 10, 2017.
             Slain by Grinder (9 damage)
             ... on level 3 of the Dungeon.
             The game lasted 00:05:40 (1932 turns).

slep the Chopper (Demonspawn Gladiator)             Turns: 1932, Time: 00:05:41

Health: -1/40      AC:  6    Str: 14    XL:     5   Next: 27%
Magic:  5/5        EV: 13    Int: 10    God:
Gold:   102        SH:  0    Dex: 15    Spells: 4/4 levels left

rFire    . . .     SeeInvis .   a - +0 war axe
rCold    . . .     Gourm    .   (no shield)
rNeg     . . .     Faith    .   b - +0 leather armour
rPois    .         Spirit   .   c - +0 helmet
rElec    .         Reflect  .   (no cloak)
rCorr    .         Harm     .   (no gloves)
MR       .....                  (no boots)
Stlth    ++........             (no amulet)
HPRegen  0.13/turn              (no ring)
MPRegen  0.09/turn              (no ring)

@: no status effects
A: molten scales 1, powered by death 2, spiny 1
a: no special abilities


You were on level 3 of the Dungeon.
You were very hungry.

You visited 1 branch of the dungeon, and saw 3 of its levels.

You collected 102 gold pieces.

Inventory:

Hand Weapons
 a - a +0 war axe (weapon)
Missiles
 d - 3 throwing nets (quivered)
Armour
 b - a +0 leather armour (worn)
 c - a +0 helmet (worn)
Wands
 p - a wand of flame (17)
 r - a wand of random effects (25)
Scrolls
 e - 2 scrolls of identify {unknown}
 g - 4 scrolls of remove curse {unknown}
 h - 2 scrolls of immolation {unknown}
 i - 2 scrolls of teleportation {unknown}
 m - a scroll of enchant armour {unknown}
 s - a scroll of fog {unknown}
Potions
 k - a potion of ambrosia {unknown}
 o - a potion of degeneration {unknown}
Books
 l - a book of Minor Magic

   Spells                             Type                      Level
   a - Magic Dart                     Conjuration                  1
   b - Blink                          Translocation                2
   c - Call Imp                       Summoning                    2
   d - Slow                           Hexes                        2
   e - Conjure Flame                  Conjuration/Fire             3
   f - Mephitic Cloud                 Conjuration/Poison/Air       3
Comestibles
 f - a bread ration
 j - a fruit
 n - a royal jelly


   Skills:
 + Level 2.9 Fighting
 + Level 4.1 Axes
 + Level 2.0 Throwing
 + Level 1.1 Armour
 + Level 3.3 Dodging
 + Level 1.1 Stealth


You had 4 spell levels left.
You didn't know any spells.

Dungeon Overview and Level Annotations

Branches:
Dungeon (3/15)

Altars:
Cheibriados
Dithmenos
Wu Jian
Xom

Annotations:
D:3 Grinder


Innate Abilities, Weirdness & Mutations

You are partially covered in molten scales. (AC +2)
You regenerate health from kills.
You are partially covered in sharp spines.


Message History

The hobgoblin hits you but does no damage.
Pain shoots through your body!
* * * LOW HITPOINT WARNING * * *
The orc wizard points at you and mumbles some strange words.
The magic dart hits you!
* * * LOW HITPOINT WARNING * * *
The hobgoblin is struck by your spines.
You kill the hobgoblin!
The orc wizard hits you but does no damage.
You can move again.
You hit the orc wizard but do no damage.
The orc wizard is moderately wounded.
The orc wizard hits you with a dagger.
* * * LOW HITPOINT WARNING * * *
You closely miss the orc wizard.
The orc wizard is moderately wounded.
You hit something. You closely miss the giant cockroach.
The giant cockroach is struck by your spines.
The giant cockroach barely misses you. Something hits you!
You die...

####+####.###
#...........#
#...........# #
#..<........##### #
#.#.#..##+###...
#.#.#..##.###.# #
#.#.#..##.....## .
####.#.#...#....)s##....
.....#.#.#.#.†..@o......
...###.#.#......##.....(
...#...#.##....## ..._.
#......#.##.>...# ....
#....#.#. ###...... ...
###### #. ......# .. ..
###...## . .## #..5# .#
....


You could see an orc wizard and a giant cockroach.

Vanquished Creatures
  An orc priest (D:3)
  Natasha (twice) (D:2)
  Terence (D:2)
  An adder (D:2)
  An ooze (D:1)
  2 worms (D:2)
  3 leopard geckos (D:2)
  An orc (D:3)
  5 bats
  4 giant cockroaches
  6 hobgoblins
  4 kobolds
  2 quokkas (D:2)
  4 frilled lizards
  4 goblins
  2 rats (D:1)
43 creatures vanquished.

Notes
Turn   | Place    | Note
-------+----------+-------------------------------------------
     0 | D:1      | slep the Demonspawn Gladiator began the quest for the Orb.
     0 | D:1      | Reached XP level 1. HP: 16/16 MP: 1/1
   207 | D:1      | Gained mutation: You are partially covered in molten scales. (AC +2) [demonic ancestry]
   207 | D:1      | Reached XP level 2. HP: 17/22 MP: 2/2
   215 | D:1      | Reached skill level 3 in Axes
   673 | D:2      | Gained mutation: You regenerate a little health from kills. [demonic ancestry]
   673 | D:2      | Reached XP level 3. HP: 18/28 MP: 3/3
   987 | D:2      | Noticed Terence
   995 | D:2      | Killed Terence
  1041 | D:2      | Gained mutation: You regenerate health from kills. [demonic ancestry]
  1041 | D:2      | Reached XP level 4. HP: 30/34 MP: 4/4
  1212 | D:2      | Found a shimmering altar of Xom.
  1456 | D:2      | Noticed Natasha
  1462 | D:2      | Killed Natasha
  1550 | D:2      | Noticed Natasha
  1572 | D:2      | Killed Natasha
  1572 | D:2      | Gained mutation: You are partially covered in sharp spines. [demonic ancestry]
  1572 | D:2      | Reached XP level 5. HP: 23/40 MP: 5/5
  1878 | D:3      | Found a snail-covered altar of Cheibriados.
  1890 | D:3      | Found an ornate altar of the Wu Jian Council.
  1919 | D:3      | Noticed Grinder
  1919 | D:3      | Found a shadowy altar of Dithmenos.
  1921 | D:3      | Reached skill level 4 in Axes
  1924 | D:3      | Reached skill level 1 in Armour
  1924 | D:3      | Reached skill level 1 in Stealth
  1924 | D:3      | Paralysed by something for 7 turns
  1932 | D:3      | Slain by Grinder

Vault maps used:
D:1:      roderic_crossed_star, hangedman_decor_peaks_small
D:2:      xom_butterflies, uniq_terence, uniq_natasha
D:3:      lemuel_coloured_pillars_altar, lemuel_doored_altar,
          gammafunk_temple_overflow_statue, nicolae_dithmenos_shadow_blocks,
          cheibriados_altar_1, uniq_crazy_yiuf_cottage, uniq_ijyb, uniq_grinder,
          uniq_sigmund

Skill      XL: |  1  2  3  4  5 |
---------------+----------------+-----
Axes           | 3 4 |  4.1
Dodging        | 3 |  3.3
Throwing       | 2 |  2.0
Armour         | 1 |  1.1
Stealth        | 1 |  1.1
Fighting       | |  2.9

Action                   |  1- 3 |  4- 6 || total
-------------------------+-------+-------++-------
Melee: War axe           |    70 |    46 ||   116
 Stab: Sleeping          |       |     1 ||     1
  Eat: Chunk             |       |     2 ||     2
Armor: Leather armour    |    29 |    19 ||    48
Dodge: Dodged            |    56 |    30 ||    86

Table legend:
 A = Spawn XP
 B = Non-spawn XP
 C = Spawn XP percentage of total XP
 D = Spawn monster count
 E = Non-spawn monster count
 F = Spawn count percentage of total count
 G = Total turns spent on level
                    A         B        C        D         E        F      G
               +---------+---------+-------+---------+---------+-------+---------
         Total |       0 |     246 |   0.0 |       0 |      43 |   0.0 |  1932
               +---------+---------+-------+---------+---------+-------+---------
           D:1 |       0 |      34 |   0.0 |       0 |      18 |   0.0 |   632
           D:2 |       0 |     162 |   0.0 |       0 |      21 |   0.0 |  1246
           D:3 |       0 |      50 |   0.0 |       0 |       4 |   0.0 |    54
               +---------+---------+-------+---------+---------+-------+---------
